 Dungeon Sprint DCSS version 0.28.0-53-g5a82cb258f (webtiles) character file.

Game seed: 4343030155811237204

2272 Zeld the Fighter (level 9, -3/144 HPs)
             Began as a Minotaur Berserker on May 21, 2022.
             Was a Priest of Trog.
             Slain by a lindwurm (5 damage)
             ... summoned by Kirke
             ... in the Dungeon (Sprint II: "The Violet Keep of Menkaure").
             The game lasted 00:01:58 (1024 turns).

Zeld the Fighter (Minotaur Berserker)               Turns: 1024, Time: 00:01:58

Health: -3/144     AC:  1    Str: 25    XL:     9   Next: 16%
Magic:  7/7        EV: 15    Int:  4    God:    Trog [***...]
Gold:   49         SH:  0    Dex: 11    Spells: 8/8 levels left

rFire   . . .      SeeInvis .   a - +0 hand axe
rCold   . . .      Faith    .   (no shield)
rNeg    . . .      Spirit   .   b - +0 animal skin
rPois   .          Reflect  .   (helmet restricted)
rElec   .          Harm     .   (no cloak)
rCorr   .          Rampage  .   (no gloves)
Will    .....      NoTele   +   (no boots)
Stlth   ..........              (no amulet)
HPRegen 0.34/turn               (no ring)
MPRegen 0.10/turn               (no ring)

@: berserking, very quick
A: horns 2, retaliatory headbutt, deformed body, low MP 1
a: Renounce Religion, Berserk, Trog's Hand


You were in the Dungeon.
You worshipped Trog.
Trog was most pleased with you.
You visited 1 branch You collected 972 gold pieces.
You spent 923 gold pieces at shops.

Inventory:

Hand Weapons
 a - a +0 hand axe (weapon)
Armour
 b - a +0 animal skin (worn)
 j - the +1 plate armour of the Learner {Contam rElec Str+3 Dex+2}
   (You bought it in a shop in the Dungeon)

   Str:       It affects your strength (+3).
   Dex:       It affects your dexterity (+2).
   rElec:     It insulates you from electricity.
   Contam:    It causes magical contamination when unequipped.
 k - a +0 pair of gloves
Jewellery
 i - a ring of see invisible
Scrolls
 h - a scroll of blinking
Potions
 c - a potion of curing
 d - a potion of heal wounds
 e - a potion of haste
 f - 2 potions of magic
 g - a potion of berserk rage


   Skills:
 * Level 14.7 Fighting
 * Level 14.7 Axes
 + Level 10.6 Armour
 + Level 9.6 Dodging


You had 8 spell levels left.
You didn't know any spells.
Your spell library was empty.

Dungeon Overview and Level Annotations

Branches:
Dungeon (1/1)

Altars:

Shops:
D *(:![?[([=[!=::

Annotations:
D exclusions: obsidian statue and oklob plant, Kirke


Innate Abilities, Weirdness & Mutations

You have a pair of horns on your head.
You reflexively headbutt those who attack you in melee.
Armour fits poorly on your strangely shaped body.
Your magical capacity is low. (-10% MP)


Message History

Your Axes skill increases to level 14!
Your Armour skill increases to level 10!
You have reached level 9!
Your experience leads to an increase in your attributes!
Increase (S)trength, (I)ntelligence, or (D)exterity?
You feel stronger. x2
There are monsters nearby!
You slice Kirke!! Your headbutt misses Kirke.
Kirke is lightly wounded.
You slash Kirke! You headbutt Kirke!
Kirke is moderately wounded.
Kirke holds her sides and says, "You'll eat dirt beneath my feet."
Kirke casts a spell.
Kirke summons a lindwurm!
You barely miss Kirke. You headbutt Kirke!!
Kirke is heavily wounded.
You hit the lindwurm. You slash Kirke!
Kirke is severely wounded.
You hit the lindwurm. Kirke hits you!
* * * LOW HITPOINT WARNING * * *
You slash Kirke! Your headbutt misses Kirke.
Kirke is severely wounded.
You hit the lindwurm. The lindwurm closely misses you. You furiously retaliate!
You headbutt the lindwurm! The lindwurm claws you!
* * * LOW HITPOINT WARNING * * *
The lindwurm claws you!
* * * LOW HITPOINT WARNING * * *
You slash Kirke! Your headbutt misses Kirke.
Kirke is almost dead.
You hit the lindwurm.
Unknown command.
You barely miss Kirke.
Kirke is almost dead.
You hit the lindwurm. Kirke hits you.
* * * LOW HITPOINT WARNING * * *
The lindwurm bites you!
* * * LOW HITPOINT WARNING * * *
The lindwurm claws you.
You die...

####+#### ##§§§§§≈≈##
##≈≈§≈§§§≈§ ### +≈§≈≈≈8≈°≈
#.4k####≈§≈≈≈≈≈ #YKc@@T##
°≈≈≈
############k≈#+++#+++##
###########≈≈≈.........#
##.......∩#≈≈≈≈.##'##..#
##∩.....∩.#≈≈≈≈##.#.##.####
##.∩...∩.∩#≈≈≈≈#..#..# ...#
##∩.∩.∩.∩.#≈≈#####.#####..##
##.∩.∩....#≈##.###'###.##..#
##..∩.∩...#≈#.#.##.##...#..#


You could see Kirke (ally target), an elephant, a centaur warrior, 2 lindwurms,
a rust devil (summoned), a kobold demonologist and a friendly deep troll
(summoned, berserk).

Vanquished Creatures
  A yaktaur captain (D)
  A merfolk siren (D)
  4 neqoxecs (D)
  Menkaure (D)
  A water moccasin (D)
  4 necrophages (D)
  4 scorpions (D)
  A hell rat (D)
17 creatures vanquished.

Notes
Turn   | Place    | Note
-------+----------+-------------------------------------------
     0 | D        | Zeld the Minotaur Berserker began the quest for the Orb.
     0 | D        | Reached XP level 1. HP: 19/19 MP: 0/0
     1 | D        | Noticed a scorpion
     1 | D        | Noticed a scorpion
     1 | D        | Noticed a scorpion
     1 | D        | Noticed a scorpion
     3 | D        | Killed a scorpion
     4 | D        | Reached XP level 2. HP: 30/30 MP: 1/1
     4 | D        | Reached XP level 3. HP: 37/37 MP: 2/2
     5 | D        | Killed a scorpion
     6 | D        | Reached skill level 5 in Armour
     6 | D        | Reached XP level 4. HP: 47/47 MP: 3/3
    11 | D        | Killed a scorpion
    11 | D        | Reached ** piety under Trog
    12 | D        | Reached skill level 5 in Dodging
    12 | D        | Reached XP level 5. HP: 53/53 MP: 4/4
    68 | D        | Noticed an obsidian statue
    70 | D        | Noticed Menkaure
    73 | D        | Killed Menkaure
    74 | D        | Reached skill level 10 in Fighting
    74 | D        | Reached skill level 10 in Axes
    74 | D        | Reached XP level 6. HP: 66/66 MP: 5/5
   154 | D        | Noticed a water moccasin
   163 | D        | Killed a water moccasin
   163 | D        | Reached *** piety under Trog
   508 | D        | Noticed a neqoxec
   508 | D        | Noticed a neqoxec
   512 | D        | Killed a neqoxec
   512 | D        | Gained mutation: You have hidden genetic defects. [a
                  | neqoxec]
   513 | D        | Reached XP level 7. HP: 74/74 MP: 6/6
   516 | D        | Killed a neqoxec
   516 | D        | Noticed a neqoxec
   521 | D        | Killed a neqoxec
   522 | D        | Noticed a neqoxec
   522 | D        | Gained mutation: Armour fits poorly on your strangely
                  | shaped body. [hidden defects]
   529 | D        | Killed a neqoxec
   529 | D        | Reached **** piety under Trog
   530 | D        | Found Weiggael's Jewellery Emporium.
   530 | D        | Found Oduor's Jewellery Emporium.
   530 | D        | Found Xuassiho's Armour Shoppe.
   530 | D        | Found Guutyun's Antique Armour Shoppe.
   532 | D        | Found Wamyrigh's Book Emporium.
   532 | D        | Found Abehucer's Distillery.
   532 | D        | Found Tyank's Book Shoppe.
   540 | D        | Gained mutation: Your magical capacity is low. (-10% MP)
                  | [hidden defects]
   540 | D        | Lost mutation: You have hidden genetic defects. [hidden
                  | defects expressed]
   669 | D        | Reached XP level 8. HP: 85/85 MP: 6/6
   745 | D        | Noticed a merfolk siren
   752 | D        | Killed a merfolk siren
   752 | D        | Reached ***** piety under Trog
   898 | D        | Noticed a flying skull
   898 | D        | Noticed a flying skull
   898 | D        | Noticed a flying skull
   900 | D        | Noticed a flying skull
   900 | D        | Noticed a flying skull
   901 | D        | Noticed a flying skull
   901 | D        | Noticed a flying skull
   901 | D        | Noticed a flying skull
   901 | D        | Noticed a flying skull
   902 | D        | Noticed a flying skull
   902 | D        | Noticed a flying skull
   902 | D        | Noticed a flying skull
   908 | D        | Found Mozic's Antique Weapon Shoppe.
   920 | D        | Found Irchaz's Antique Armour Shoppe.
   920 | D        | Found Ekusasta's Magic Scroll Emporium.
   923 | D        | Noticed an iron elemental
   924 | D        | Found Naimn's Antique Armour Emporium.
   924 | D        | Found Homilluf's Distillery.
   924 | D        | Noticed an oklob plant
   925 | D        | Found Ofixy's Weapon Shoppe.
   925 | D        | Found Pautza Luewk's Book Shoppe.
   925 | D        | Found Conunaomm's General Store.
   934 | D        | Bought a ring of see invisible for 150 gold pieces
   938 | D        | Bought the +1 plate armour of the Learner {Contam rElec
                  | Str+3 Dex+2} for 656 gold pieces
   953 | D        | Bought a pair of gloves for 117 gold pieces
  1006 | D        | Noticed an elephant
  1006 | D        | Noticed a centaur warrior
  1006 | D        | Noticed Kirke
  1006 | D        | Noticed a kobold demonologist
  1006 | D        | Noticed a skeletal warrior
  1006 | D        | Noticed a yaktaur captain
  1009 | D        | Noticed a lindwurm
  1011 | D        | Noticed a rust devil
  1017 | D        | Killed a yaktaur captain
  1018 | D        | Reached skill level 10 in Armour
  1018 | D        | Reached XP level 9. HP: 41/96 MP: 7/7
  1020 | D        | Noticed a lindwurm
  1024 | D        | HP: 2/144 [lindwurm[Kirke] (13)]
  1024 | D        | Slain by a lindwurm

Illustrated notes

Levels and vault maps discovered:
D:        the_violet_keep_of_menkaure [sprint2_stairs_cluster_1,
          sprint2_shoproom, sprint2_temple, sprint2_basic_supplies,
          sprint2_obstacle_1, sprint2_obstacle_4, sprint2_obstacle_3,
          sprint2_obstacle_2, sprint2_obstacle_5, sprint2_timed_cluster_1,
          sprint2_smallroom_cluster_1, sprint2_smallroom_final_cluster_1,
          sprint2_transparent_cluster_1, sprint2_second_timed_cluster_1,
          sprint2_sniper_area_1, sprint2_heavy_combat_area_1,
          sprint2_mutation_trap_area_1, sprint2_forest_area_1,
          sprint2_light_combat_area_1, sprint2_behind_water_1,
          sprint2_near_end_vault_1]

Skill      XL: |  1  2  3  4  5  6  7  8 |
---------------+-------------------------+-----
Fighting       | 6 7 8 10 11 12 14 | 14.7
Axes           | 6 7 8 10 11 12 14 | 14.7
Armour         | 4 5 7 9 10 | 10.6
Dodging        | 3 4 5 6 7 8 9 |  9.6

Action                   |  1- 3 |  4- 6 |  7- 9 || total
-------------------------+-------+-------+-------++-------
Melee: Hand axe          |     2 |    20 |    42 ||    64
       Headbutt          |     2 |     3 |    12 ||    17
Invok: Berserk           |     1 |     2 |     3 ||     6
       Trog's Hand       |       |     1 |       ||     1
       Brothers in Arms  |       |       |     2 ||     2
Armor: Animal skin       |     1 |     1 |       ||     2
Dodge: Dodged            |       |     8 |    10 ||    18
